 Dungeon Crawl Stone Soup version 0.17-a0-1485-g22cb0ee (webtiles) character file.

2721 urechis the Grappler (level 9, -1/139 HPs)
             Began as a Troll Monk on July 5, 2015.
             Slain by a killer bee (2 damage)
             ... on level 7 of the Dungeon.
             The game lasted 00:11:16 (4216 turns).

urechis the Grappler (Troll Monk)                   Turns: 4216, Time: 00:11:16

Health: -1/139     AC: 24    Str: 24    XL:     9   Next: 39%
Magic:  8/8        EV:  1    Int:  6    God:
Gold:   256        SH:  0    Dex: 12    Spells: 0 memorised, 8 levels left

rFire  . . .     SeeInvis .       - Unarmed
rCold  . . .     Clarity  .     (armour currently unavailable)
rNeg   + + +     SustAt   .     (no shield)
rPois  +         Gourm    +     (helmet currently unavailable)
rElec  .         Spirit   .     (cloak currently unavailable)
rCorr  .         Warding  .     (gloves unavailable)
rMut   .         NoTele   +     (boots unavailable)
MR     .....                    (no amulet)
Stlth  ++........               G - ring of poison resistance
                                s - +2 ring of slaying

@: lethally poisoned (-1 -> -1), tree-form, very slightly contaminated, hasted,
very quick, not resistant to hostile enchantments, unstealthy
A: unfitting armour, (claws 0), fast metabolism 3, gourmand, regeneration 2,
(shaggy fur 0), (tough skin 0)
a: no special abilities


You were on level 7 of the Dungeon.
You were full.
You were a tree.
You visited 2 branches of the dungeon, and saw 8 of its levels.

You collected 256 gold pieces.

Inventory:

Hand weapons
 a - a +0 blowgun
Missiles
 C - 49 poisoned needles
Armour
 r - a +0 cloak (melded)
 y - a +0 robe (melded)
Jewellery
 s - a +2 ring of slaying (left branch)
 G - a ring of poison resistance (right branch)
 I - an uncursed ring of sustain attributes
Magical devices
 K - a wand of slowing (24)
Scrolls
 c - 5 scrolls of teleportation {unknown}
 f - 5 scrolls of remove curse {unknown}
 h - 6 scrolls of identify {unknown}
 j - a scroll of random uselessness {unknown}
 n - 3 scrolls of blinking {unknown}
 p - 2 scrolls of amnesia {unknown}
 w - 2 scrolls of fear {unknown}
 x - a scroll of noise {unknown}
 E - 3 scrolls of enchant weapon {unknown}
Potions
 d - a potion of brilliance {unknown}
 e - a potion of resistance {unknown}
 i - a potion of magic {unknown}
 k - 2 potions of agility {unknown}
 m - 2 potions of lignification
 o - 3 potions of poison
 q - 3 potions of might {unknown}
 t - 3 potions of haste
 u - a potion of flight {unknown}
 z - 2 potions of berserk rage {unknown}
 B - a potion of heal wounds {unknown}
 D - a potion of degeneration {unknown}
 J - a potion of mutation {unknown}
Books
 v - a book of Clouds

   Spells                             Type                      Level
   a - Mephitic Cloud                 Conjuration/Poison/Air       3
   b - Conjure Flame                  Conjuration/Fire             3
   c - Poisonous Cloud                Conjuration/Poison/Air       6
   d - Freezing Cloud                 Conjuration/Ice/Air          6
   e - Ring of Flames                 Charms/Fire                  7
Comestibles
 b - 3 bread rations
 l - 4 meat rations
 A - 4 fruits
 F - a slice of pizza


   Skills:
 + Level 7.0 Fighting
 + Level 4.1 Dodging
 - Level 1.1 Stealth
 - Level 10.3 Unarmed Combat


You had 8 spell levels left.
You didn't know any spells.

Dungeon Overview and Level Annotations

Branches:
Dungeon (7/15)             Temple (1/1) D:7

Altars:
Ashenzari
Cheibriados
Dithmenos
Elyvilon
Fedhas
Gozag
Kikubaaqudgha
Makhleb
Nemelex Xobeh
Okawaru
Qazlal
Sif Muna
Trog
Vehumet
Yredelemnul
Zin
The Shining One
Lugonu


Innate Abilities, Weirdness & Mutations

You are too large for most types of armour.
((You have claws for hands.))
Your metabolism is lightning-fast.
You like to eat raw meat.
You heal very quickly.
((You are covered in fur (AC +1).))
((You have very tough skin (AC +2).))


Message History

Drink which item? (? for menu, Esc to quit)
You feel better. The killer bee completely misses you.
The killer bee closely misses you.
You closely miss the killer bee. The killer bee stings you.
* * * LOW HITPOINT WARNING * * *
The killer bee barely misses you.
You closely miss the killer bee. The killer bee stings you.
* * * LOW HITPOINT WARNING * * *
You are poisoned.
The killer bee poisons you! The killer bee closely misses you.
You closely miss the killer bee.
You feel sick. The killer bee stings you!
* * * LOW HITPOINT WARNING * * *
The killer bee stings you but does no damage.
Drink which item? (? for menu, Esc to quit)
It was a potion of lignification.
You turn into a tree.
Your +0 cloak melds into your body.
Your +0 robe melds into your body.
Your roots penetrate the ground.
The killer bee stings you but does no damage.
The killer bee stings you.
You die...

.###.##P..P..P.# ##.#.........###
.###P....≈≈P...###..#............
..##P....≈♣≈♣..P.#.###.......#...
..##....≈≈≈≈♣≈.....##.......##...
....#♣..♣≈≈≈≈≈≈....##.####.......
#.....P♣.≈≈♣≈≈♣.♣..##.###..###.(.
#.#.#.#P...≈≈≈P...###.....## #...
..#.....P..[♣.....[....#### ####
....#.#.....K...♣....### ##..
...............yy....##### #...
.###.....#...†...........## ###..
.# ##...###.........##....###..<#
#######.........##...####......##
...####.######.......#####..##...
....##....####((......#.......##.
............##(##...........#.###
.............#(##......)......#..


You could see 2 killer bees and a kobold.

Vanquished Creatures
  Pikel (D:6)
  The ghost of Ajdolov the Spear-Bearer, an experienced MfGl (D:5)
  Sigmund (D:3)
  Eustachio (D:6)
  An orc warrior (D:7)
  2 slaves (D:6)
  An ogre (D:6)
  A big kobold (D:7)
  A giant frog (D:7)
  A gnoll sergeant (D:7)
  A scorpion (D:5)
  A killer bee (D:7)
  3 wights (D:7)
  2 crimson imps
  A giant frog zombie (D:7)
  A giant frog skeleton (D:7)
  Crazy Yiuf (D:3)
  2 orc priests
  4 hounds
  4 orc wizards
  4 worker ants
  A gnoll shaman (D:7)
  2 quasits
  Terence (D:2)
  2 iguanas
  A hound skeleton (D:7)
  8 adders
  8 gnolls (D:7)
  An ooze (D:3)
  A worm (D:2)
  5 giant geckos
  8 orcs
  A ball python (D:5)
  16 goblins
  15 hobgoblins
  7 jackals (D:2)
  26 kobolds
  A quokka (D:4)
  7 bats
  6 giant cockroaches
  4 giant newts
  13 rats
169 creatures vanquished.

Vanquished Creatures (others)
  A scorpion (D:6)
1 creature vanquished.

Grand Total: 170 creatures vanquished

Notes
Turn   | Place    | Note
--------------------------------------------------------------
     0 | D:1      | urechis the Troll Monk began the quest for the Orb.
     0 | D:1      | Reached XP level 1. HP: 22/22 MP: 0/0
   154 | D:1      | Reached XP level 2. HP: 29/29 MP: 1/1
   499 | D:1      | Reached XP level 3. HP: 36/36 MP: 2/2
   589 | D:2      | Found a glowing silver altar of Zin.
   652 | D:2      | Noticed Terence
   659 | D:2      | Killed Terence
   659 | D:2      | Reached skill level 5 in Unarmed Combat
   769 | D:2      | Reached XP level 4. HP: 44/44 MP: 3/3
  1423 | D:3      | Reached XP level 5. HP: 51/53 MP: 4/4
  1541 | D:3      | Noticed Sigmund
  1548 | D:3      | Killed Sigmund
  1548 | D:3      | Reached skill level 6 in Unarmed Combat
  1548 | D:3      | Reached XP level 6. HP: 60/62 MP: 5/5
  1635 | D:3      | Noticed Crazy Yiuf
  1640 | D:3      | Killed Crazy Yiuf
  1852 | D:4      | Found a sparkling altar of Nemelex Xobeh.
  2115 | D:5      | Entered Level 5 of the Dungeon
  2208 | D:5      | Reached skill level 7 in Unarmed Combat
  2234 | D:5      | Reached XP level 7. HP: 51/70 MP: 6/6
  2285 | D:5      | Noticed Ajdolov's ghost (experienced MfGl)
  2300 | D:5      | Killed Ajdolov's ghost
  2300 | D:5      | Reached skill level 8 in Unarmed Combat
  2723 | D:5      | Reached skill level 5 in Fighting
  2763 | D:5      | Reached XP level 8. HP: 78/80 MP: 7/7
  2926 | D:6      | Found an iron altar of Okawaru.
  2974 | D:6      | Noticed Pikel
  2986 | D:6      | Killed Pikel
  2986 | D:6      | Reached skill level 9 in Unarmed Combat
  3029 | D:6      | Found a deep blue altar of Sif Muna.
  3153 | D:6      | Found a shadowy altar of Dithmenos.
  3179 | D:6      | Found a basalt altar of Yredelemnul.
  3230 | D:6      | Noticed Eustachio
  3246 | D:6      | Reached skill level 10 in Unarmed Combat
  3247 | D:6      | Killed Eustachio
  3317 | D:6      | Found a white marble altar of Elyvilon.
  3317 | D:6      | Found a snail-covered altar of Cheibriados.
  3517 | D:7      | Reached XP level 9. HP: 81/89 MP: 8/8
  3919 | D:7      | Found a staircase to the Ecumenical Temple.
  3928 | Temple   | Entered the Ecumenical Temple
  4210 | D:7      | HP: 3/93 [killer bee (3)]
  4215 | D:7      | HP: 1/93 [killer bee (7)]
  4216 | D:7      | Slain by a killer bee

Vault maps used:
D:1:      minmay_arrival_hallway
D:2:      overflow_temple_1_default, uniq_terence
D:3:      uniq_sigmund, uniq_crazy_yiuf_cottage
D:4:      nicolae_overflow_crystal_walls
D:5:      first_bread
D:6:      nicolae_overflow_quartered_altars, gammafunk_temple_overflow_elements,
          kennysheep_generic_room_15, uniq_pikel, uniq_eustachio
D:7:      temple_doors_e, serial_bayou, serial_bayou_crossing,
          serial_bayou_shore_b, serial_bayou_pond_c, serial_bayou_pond_a
Temple:   corrupted_temple

Action                   |  1- 3 |  4- 6 |  7- 9 || total
-------------------------+-------+-------+-------++-------
Melee: Unarmed           |    92 |   109 |   210 ||   411
 Fire: Blowgun           |       |       |     4 ||     4
  Use: Potion            |       |       |     8 ||     8
 Stab: Sleeping          |     4 |     4 |     1 ||     9
  Eat: Chunk             |    12 |    13 |    16 ||    41
